Map: Vaani Research Station (Void)

Players

fropez - Winner!

  • Race: Protoss Protoss
  • League: Gold
  • Spawn Location: 12:00

ThisGuy

  • Race: Terran Terran
  • League: Gold
  • Spawn Location: 6:00

VOD

Have the link to the VOD?

Description

Time

  • Played on: Dec. 14, 2016, 11:27 a.m.
  • Length: 16:14
Show
View Real Time Build Order
Export as new Build Order

fropez Protoss - Winner!

Build Orders: 1 Gate Expand 

Get SALT Encoding   

  12  0:01  Probe (Chrono Boost)  
  13  0:12  Probe (Chrono Boost)  
  14  0:18  Pylon  
  14  0:23  Probe (Chrono Boost)  
  15  0:36  Gateway  
  15  0:38  Probe (Chrono Boost)  
  16  0:49  Probe (Chrono Boost)  
  17  1:02  Probe (Chrono Boost)  
  18  1:16  Nexus  
  18  1:29  Cybernetics Core  
  18  1:32  Assimilator  
  18  1:33  Probe (Chrono Boost)  
  19  1:54  Pylon  
  19  1:57  Probe (Chrono Boost)  
  21  2:15  Probe (Chrono Boost)  
  21  2:16  Assimilator  
  21  2:20  Pylon  
  21  2:25  Probe (Chrono Boost)  
  21  2:30  Probe (Chrono Boost)  
  21  2:36  Probe (Chrono Boost), Warp Gate  
  23  2:41  Probe (Chrono Boost), Assimilator  
  23  2:43  Stalker  
  26  2:54  Probe (Chrono Boost)  
  26  2:55  Probe (Chrono Boost)  
  26  2:58  Gateway  
  28  3:05  Probe (Chrono Boost)  
  29  3:07  Probe (Chrono Boost)  
  30  3:13  Gateway  
  30  3:15  Probe (Chrono Boost)  
  30  3:19  Probe (Chrono Boost)  
  32  3:23  Pylon  
  32  3:26  Probe (Chrono Boost)  
  33  3:31  Probe (Chrono Boost)  
  33  3:36  Probe (Chrono Boost)  
  32  3:43  Stalker  
  32  3:48  Mothership Core (Chrono Boost)  
  33  4:00  Probe (Chrono Boost)  
  36  4:13  Probe x2 (Chrono Boost), Assimilator  
  38  4:24  Pylon  
  38  4:26  Probe (Chrono Boost)  
  38  4:27  Probe (Chrono Boost)  
  40  4:31  Twilight Council  
  40  4:36  Probe (Chrono Boost)  
  40  4:40  Probe (Chrono Boost), Gateway, Stalker x2  
  44  4:47  Probe (Chrono Boost)  
  44  4:49  Stalker  
  48  4:53  Probe (Chrono Boost), Blink  
  48  5:03  Probe (Chrono Boost)  
  48  5:04  Forge  
  49  5:26  Stalker x3  
  49  5:27  Protoss Ground Weapons Level 1  
  53  5:32  Probe (Chrono Boost)  
  55  5:36  Probe (Chrono Boost)  
  56  5:44  Probe (Chrono Boost)  
  56  5:48  Probe (Chrono Boost)  
  57  5:56  Probe (Chrono Boost)  
  58  5:58  Adept  
  58  6:00  Probe (Chrono Boost)  
  58  6:03  Pylon  
  61  6:04  Pylon  
  61  6:08  Probe (Chrono Boost)  
  62  6:16  Nexus  
  62  6:23  Probe x2 (Chrono Boost)  
  64  6:28  Pylon  
  64  6:35  Probe x2 (Chrono Boost)  
  64  6:38  Adept x3  
  73  6:47  Probe (Chrono Boost)  
  70  6:55  Probe (Chrono Boost), Dark Shrine  
  70  6:59  Probe (Chrono Boost)  
  70  7:00  Pylon, Robotics Facility  
  69  7:02  Adept, Pylon  
  71  7:11  Adept  
  71  7:12  Adept x2  
  71  7:46  Probe (Chrono Boost)  
  71  7:48  Probe x2 (Chrono Boost)  
  74  7:56  Adept x4  
  74  7:57  Probe (Chrono Boost)  
  85  8:00  Probe x2 (Chrono Boost)  
  85  8:01  Protoss Ground Weapons Level 2  
  85  8:02  Pylon  
  79  8:14  Probe (Chrono Boost)  
  79  8:15  Probe x2 (Chrono Boost)  
  79  8:17  Adept x4  
  83  8:20  Warp Prism  
  81  8:30  Pylon  
  81  8:32  Pylon  
  81  8:34  Resonating Glaives  
  81  8:39  Adept x3  
  81  8:40  Adept, Photon Cannon  
  86  8:42  Photon Cannon  
  79  8:57  Probe (Chrono Boost)  
  79  9:00  Probe (Chrono Boost)  
  79  9:01  Probe (Chrono Boost)  
  81  9:05  Assimilator  
  81  9:09  Probe (Chrono Boost), Assimilator  
  82  9:11  Probe (Chrono Boost)  
  82  9:12  Pylon  
  82  9:14  Probe (Chrono Boost)  
  82  9:15  Pylon, Photon Cannon  
  84  9:19  Pylon  
  84  9:21  Probe x2 (Chrono Boost)  
  84  9:23  Photon Cannon  
  86  9:27  Pylon  
  86  9:29  Gateway  
  86  9:31  Gateway  
  86  9:34  Gateway  
  86  9:36  Probe x2 (Chrono Boost)  
  86  9:37  Probe (Chrono Boost)  
  86  9:38  Gateway  
  89  9:41  Gateway  
  89  9:43  Pylon  
  89  9:46  Pylon  
  89  9:49  Dark Templar x3  
  89  9:51  Dark Templar  
  97  9:54  Nexus  
  91  10:23  Stalker x3  
  91  10:24  Protoss Ground Weapons Level 3, Stalker  
  98  10:34  Dark Templar x3  
  94  10:51  Gateway  
  94  10:53  Probe x2 (Chrono Boost), Gateway  
  96  11:01  Dark Templar x3  
  102  11:09  Probe x2 (Chrono Boost)  
  102  11:10  Probe x2 (Chrono Boost)  
  106  11:16  Assimilator  
  106  11:20  Adept x4, Assimilator  
  106  11:21  Adept x2, Probe x2 (Chrono Boost)  
  106  11:24  Pylon  
  120  11:26  Probe x2 (Chrono Boost)  
  120  11:27  Pylon  
  120  11:31  Pylon  
  123  11:33  Probe (Chrono Boost)  
  123  11:36  Dark Templar x2  
  121  11:43  Stalker x5  
  121  11:44  Stalker  
  121  11:54  Dark Templar  
  116  12:04  Probe x2 (Chrono Boost)  
  116  12:05  Probe x2 (Chrono Boost)  
  122  12:16  Stalker x3  
  126  12:29  Nexus  
  114  12:37  Stalker  
  114  12:38  Stalker x5  
  114  12:39  Stalker x2  
  114  12:42  Mothership Core (Chrono Boost)  
  124  13:17  Pylon  
  124  13:19  Assimilator  
  124  13:20  Stalker x4  
  124  13:21  Pylon, Stalker x2  
  136  13:52  Protoss Shields Level 1  
  136  14:02  Stalker x3  
  138  14:03  Stalker x6  
  138  14:09  Observer  
  157  14:17  Probe x2 (Chrono Boost)  
  157  14:18  Probe x2 (Chrono Boost)  
  157  14:29  Warp Prism  
  155  14:48  Stalker x5  
  155  14:49  Stalker x5  
  167  15:05  Pylon  
  163  15:08  Pylon  
  163  15:11  Assimilator  
  163  15:37  Stalker x5  
  163  15:38  Stalker x6  
Show
View Real Time Build Order
Export as new Build Order

ThisGuy Terran 

Build Orders: MMM Bio 

Get SALT Encoding   

  12  0:05  SCV  
  13  0:17  SCV  
  14  0:27  Supply Depot  
  14  0:29  SCV  
  15  0:41  Refinery  
  15  0:42  Refinery  
  15  0:48  SCV  
  16  0:58  Barracks  
  16  1:00  SCV  
  17  1:12  SCV  
  18  1:25  SCV  
  19  1:37  SCV  
  20  1:45  Reaper  
  21  1:49  SCV  
  21  1:50  Supply Depot  
  22  2:01  SCV  
  23  2:13  SCV  
  24  2:17  Reaper  
  25  2:38  Command Center  
  25  2:39  SCV  
  26  2:50  Barracks Reactor  
  27  2:51  SCV  
  27  2:53  Barracks  
  27  2:58  Factory  
  27  3:15  Orbital Command  
  27  3:43  Supply Depot  
  27  4:00  Marine x2  
  28  4:08  Factory Tech Lab  
  28  4:11  Starport, Barracks Tech Lab  
  28  4:18  Marine x2, SCV  
  28  4:20  Barracks  
  31  4:30  SCV  
  31  4:31  Stimpack  
  32  4:32  Marauder  
  34  4:42  SCV x2  
  36  4:53  Marauder  
  36  4:55  Supply Depot  
  36  4:57  Engineering Bay  
  38  5:02  Marine x2  
  39  5:14  Marine  
  40  5:23  Engineering Bay  
  40  5:25  Marine x3  
  43  5:32  Marauder  
  45  5:40  Planetary Fortress  
  45  5:43  Marine x3  
  48  5:54  Marauder  
  50  5:58  Siege Tank  
  50  6:00  Marine x2, Starport Reactor  
  50  6:02  Supply Depot  
  50  6:03  SCV  
  56  6:15  SCV, Marauder  
  56  6:17  Barracks Reactor  
  59  6:18  Marine x2, Terran Infantry Weapons Level 1  
  59  6:25  Terran Infantry Armor Level 1  
  61  6:26  Supply Depot  
  61  6:30  Siege Tank  
  64  6:36  Marauder  
  66  6:44  SCV x2  
  68  6:47  Missile Turret  
  68  6:57  Marine x4  
  68  6:58  Marauder  
  74  7:04  Supply Depot  
  74  7:06  Viking x2  
  78  7:09  Missile Turret  
  60  7:30  Marine x4, Marauder  
  61  7:44  SCV x2  
  63  7:46  Armory  
  65  7:51  Marauder  
  65  7:56  SCV x2  
  67  8:05  Command Center  
  67  8:25  Marine x3, Marauder  
  67  8:26  Marine  
  73  8:31  SCV x2  
  75  8:34  Refinery  
  75  8:36  Refinery, Combat Shields  
  73  8:42  Marine x2  
  73  8:43  SCV  
  73  8:46  Marauder  
  66  8:52  Marine x2  
  66  8:53  SCV  
  65  8:55  SCV  
  65  8:58  Terran Infantry Armor Level 2, Terran Infantry Weapons Level 2  
  65  9:00  Marine  
  67  9:07  Marauder  
  69  9:11  Medivac x2  
  69  9:16  Marine x3  
  76  9:23  Marine  
  77  9:29  Orbital Command, Marauder  
  79  9:34  Marine x3  
  82  9:50  Marauder  
  82  9:55  Concussive Shells  
  82  10:05  Marine x4  
  86  10:12  Marauder  
  88  10:22  Marine, Orbital Command  
  88  10:24  Missile Turret  
  87  10:33  Marauder  
  87  10:35  Missile Turret  
  84  10:49  SCV  
  86  10:50  SCV x2  
  86  10:54  Marauder  
  86  10:56  Missile Turret  
  89  11:00  Marine x4  
  89  11:02  SCV x3  
  96  11:14  SCV x3  
  96  11:15  Missile Turret  
  96  11:16  Marauder  
  101  11:38  Missile Turret  
  101  11:43  Marine  
  101  11:45  Marine  
  101  11:48  Marine  
  101  12:00  Missile Turret  
  101  12:08  Marine x4  
  101  12:09  Marauder  
  90  12:20  Medivac x2  
  90  12:22  Terran Infantry Weapons Level 3, Terran Infantry Armor Level 3  
  94  12:25  SCV  
  94  12:26  Marine x4, SCV x2  
  94  12:29  Refinery  
  101  12:31  Marauder, Refinery  
  97  12:38  SCV x2  
  97  12:50  Medivac x2  
  91  12:53  Marauder  
  91  12:55  Marine x4  
  87  13:12  Marine  
  87  13:13  Marine x3  
  87  13:14  Marauder  
  76  13:30  Marine x3  
  76  13:31  Marine  
  80  13:36  Marauder  
  82  13:48  Marine x4  
  84  13:57  Marauder  
  85  14:06  Marine x4  
  87  14:18  Marauder  
  87  14:24  Marine x4  
  85  14:40  Marauder  
  85  14:42  Marine x4  
  84  14:59  Marine  
  77  15:01  Marauder  
  80  15:10  Command Center  
  80  15:22  Marauder  
  80  15:24  Missile Turret  
  81  15:36  Marine x2  
  83  15:44  Marauder  
  83  15:47  SCV x3  
  88  15:53  Missile Turret  
  88  15:57  Missile Turret  
Tags
 
Add a new tag
Caveats
  • Supply blocks, unpowered buildings, or Contaminate may cause inaccurate times.
  • Supply counts are checked every 10 seconds.